 Dungeon Crawl Stone Soup version 0.27.1-33-g824d729ab1 (webtiles) character file.

Game seed: 17397637332736473308

61 cheechan the Bolt Thrower (level 4, -6/29 HPs)
             Began as an Octopode Hunter on Nov 30, 2021.
             Mangled by Terence (10 damage)
             ... on level 2 of the Dungeon.
             The game lasted 00:06:41 (1777 turns).

cheechan the Bolt Thrower (Octopode Hunter)         Turns: 1777, Time: 00:06:42

Health: -6/29      AC:  1    Str: 11    XL:     4   Next: 7%
Magic:  4/4        EV: 13    Int: 13    God:
Gold:   132        SH:  0    Dex: 13    Spells: 3/3 levels left

rFire    . . .     SeeInvis +   a - +1 hand crossbow (vorpal)
rCold    . . .     Faith    +   (no shield)
rNeg     . . .     Spirit   .   (helmet restricted)
rPois    .         Reflect  .   f - amulet of faith
rElec    .         Harm     .   k - ring of see invisible
rCorr    +         Rampage  .   l - ring of resist corrosion
Will     .....                  (no ring)
Stlth    +++.......             (no ring)
HPRegen  0.09/turn              (no ring)
MPRegen  0.09/turn              (no ring)
                                (no ring)
                                (no ring)

@: no status effects
A: almost no armour, amphibious, 8 rings, camouflage 1, gelatinous body 1,
(nimble swimmer 1), tentacles
a: no special abilities


You were on level 2 of the Dungeon.
You visited 1 branch of the dungeon, and saw 3 of its levels.

You collected 132 gold pieces.

Inventory:

Hand Weapons
 a - a +1 vorpal hand crossbow (weapon)
 b - a +0 short sword
 h - a +0 hand axe
 i - a +0 hunting sling
Missiles
 c - 48 bolts (quivered ammo)
 e - 2 curare-tipped darts
 g - 8 boomerangs
 j - 19 poisoned darts
Jewellery
 f - an amulet of faith (around mantle)
 k - a ring of see invisible (left tentacle)
 l - a ring of resist corrosion (right tentacle)
Potions
 d - a potion of flight {unknown}


   Skills:
 + Level 2.2 Fighting
 + Level 5.3 Crossbows
 + Level 2.0 Dodging
 + Level 1.8 Stealth


You had 3 spell levels left.
You didn't know any spells.
Your spell library was empty.

Dungeon Overview and Level Annotations

Branches:
Dungeon (3/15)

Altars:

Annotations:
D:2 Terence


Innate Abilities, Weirdness & Mutations

You cannot wear most types of armour.
You are amphibious.
You can wear up to eight rings at the same time.
Your skin changes colour to match your surroundings (Stealth+).
Your rubbery body absorbs attacks. (AC +1, EV +1)
((You are camouflaged near water. (Stealth+)))
You have tentacles for arms and can constrict up to eight enemies at once.


Message History

You aren't carrying any scrolls.
Fire: 53 bolts
Press: ? - help, Q - select action, (/) - cycle Shift-Dir - straight line, f/p - Terence
Aim: Terence, wielding a +0 flail and wearing a +0 chain mail (72% to hit)
You shoot a bolt.
The bolt hits Terence but does no damage.
Terence hits you with a +0 flail! Terence barely misses you.
Fire: 52 bolts
Press: ? - help, Q - select action, (/) - cycle Shift-Dir - straight line, f/p - Terence
Aim: Terence, wielding a +0 flail and wearing a +0 chain mail (72% to hit)
You shoot a bolt. The bolt hits Terence!
Terence is heavily wounded.
Terence says, "Don't bother to defend, it's useless."
Terence hits you with a +0 flail!
Okay, then.
Press: ? - help, v - describe, . - travel, g - get item
Here: Terence, wielding a +0 flail and wearing a +0 chain mail (heavily wounded) Item here: 3 bolts.
The floor.
Fire: 51 bolts
Press: ? - help, Q - select action, (/) - cycle Shift-Dir - straight line, f/p - Terence
Aim: Terence, wielding a +0 flail and wearing a +0 chain mail (heavily wounded, 72% to hit)
You shoot a bolt. The bolt hits Terence.
Terence is severely wounded.
Terence misses you.
Fire: 50 bolts
Press: ? - help, Q - select action, (/) - cycle Shift-Dir - straight line, f/p - Terence
Aim: Terence, wielding a +0 flail and wearing a +0 chain mail (severely wounded, 72% to hit)
You shoot a bolt.
The bolt hits Terence but does no damage.
Terence is severely wounded.
Terence hits you with a +0 flail!
* * * LOW HITPOINT WARNING * * *
Fire: 49 bolts
Press: ? - help, Q - select action, (/) - cycle Shift-Dir - straight line, f/p - Terence
Aim: Terence, wielding a +0 flail and wearing a +0 chain mail (heavily wounded, 72% to hit)
You shoot a bolt. The bolt hits Terence.
Terence is severely wounded.
Terence closely misses you. Terence hits you with a +0 flail!
You die...

≈≈≈≈≈≈≈≈..........#
#####......
≈≈≈P≈≈≈.........(..
...........
≈≈≈≈≈≈............##
####......
≈≈≈............<.(
##.....
≈≈≈...##........(.
#######.... ........#
.........#. .......(#
#######.... .......@#
#...##.
....$..@##########.####.
#.....#...##.......# ##
##### ###....####### #
######


You could see Terence.

Vanquished Creatures
  3 adders (D:2)
  2 dart slugs (D:2)
  2 bats
  4 endoplasms (D:2)
  5 giant cockroaches
  4 goblins
  2 hobgoblins
  A quokka (D:2)
  A ball python (D:2)
  A kobold (D:2)
  3 rats
28 creatures vanquished.

Vanquished Creatures (others)
  2 plants (D:2)
2 creatures vanquished.

Grand Total: 30 creatures vanquished

Notes
Turn   | Place    | Note
-------+----------+-------------------------------------------
     0 | D:1      | cheechan the Octopode Hunter began the quest for the Orb.
     0 | D:1      | Reached XP level 1. HP: 14/14 MP: 1/1
   545 | D:1      | Reached XP level 2. HP: 19/19 MP: 2/2
  1008 | D:2      | Reached XP level 3. HP: 24/24 MP: 3/3
  1203 | D:2      | Reached skill level 5 in Crossbows
  1769 | D:2      | Noticed Terence
  1772 | D:2      | Reached XP level 4. HP: 29/29 MP: 4/4
  1777 | D:2      | Mangled by Terence

Illustrated notes

Levels and vault maps discovered:
D:1:      shiori_arrival_maze, layout_loops_corners,
          chequers_ecumenical_altar_grove
D:2:      layout_rooms, basic_altar, chequers_big_river, uniq_terence
D:3:      layout_loops_ring, mainiacjoe_overflow_cross_hatched, uniq_robin,
          uniq_natasha

Skill      XL: |  1  2  3 |
---------------+----------+-----
Crossbows      | 5 |  5.3
Fighting       | |  2.2
Dodging        | |  2.0
Stealth        | |  1.8

Action                   |  1- 3 |  4- 6 || total
-------------------------+-------+-------++-------
 Fire: Hand crossbow     |    58 |     6 ||    64
  Use: Scroll            |     4 |       ||     4
Armor: Skin              |     4 |       ||     4
Dodge: Dodged            |    13 |     3 ||    16
